 Dungeon Crawl Stone Soup version 0.26.0-3-g156281e41b (webtiles) character file.

Game seed: 7434931864224014247

2293 ythm the Frost Mage (level 9, -1/65 HPs)
             Began as a Gnoll Ice Elementalist on Jan 10, 2021.
             Was a Believer of Cheibriados.
             Slain by an orc warrior
             ... wielding a +0 war axe
              (5 damage)
             ... in a bailey.
             The game lasted 00:22:02 (2850 turns).

ythm the Frost Mage (Gnoll Ice Elementalist)        Turns: 2850, Time: 00:22:02

Health: -1/65      AC:  6    Str: 16    XL:     9   Next: 40%
Magic:  17/18      EV: 17    Int: 25    God:    Cheibriados [**....]
Gold:   276        SH:  0    Dex: 21    Spells: 6/21 levels left

rFire    . . .     SeeInvis .   b - +0 hunting sling
rCold    . . .     Faith    .   (no shield)
rNeg     . . .     Spirit   .   v - +0 robe
rPois    .         Reflect  .   j - +2 hat
rElec    .         Harm     .   (no cloak)
rCorr    .         Rampage  .   n - +0 pair of gloves
Will     .....                  B - +0 pair of boots
Stlth    ++++......             (no amulet)
HPRegen  0.20/turn              d - ring of flight
MPRegen  0.16/turn              m - +4 ring of slaying

@: flying, very slow
A: distributed training, fangs 1, strong nose
a: Stop Flying, Renounce Religion, Bend Time


You were in a bailey.
You worshipped Cheibriados.
Cheibriados was pleased with you.
You visited 2 branches of the dungeon, and saw 8 of its levels.
You also visited: Bailey.

You collected 276 gold pieces.

Inventory:

Hand Weapons
 a - a +2 dagger of electrocution
 b - a +0 hunting sling (weapon)
 g - a +1 flail of holy wrath
 k - a +0 hand axe
 z - a cursed -2 dagger
 F - a +0 vampiric trident
 G - a +1 short sword of draining
Missiles
 e - 11 javelins
 h - 257 stones (quivered ammo)
 q - 26 poisoned darts
 t - 30 sling bullets
 x - 57 arrows
 D - 47 bolts
Armour
 c - a +0 chain mail
 j - a +2 hat (worn)
 n - a +0 pair of gloves (worn)
 v - a +0 robe (worn)
 B - a +0 pair of boots (worn)
Magical Staves
 J - an uncursed staff of cold {unknown}
 K - a cursed staff of death {unknown}
Jewellery
 d - a ring of flight (left hand)
 f - an uncursed ring of ice
 m - a +4 ring of slaying (right hand)
 y - an uncursed ring of see invisible
Wands
 l - a wand of iceblast (10)
 H - a wand of polymorph (5)
Scrolls
 i - 3 scrolls of noise
 p - a scroll of enchant weapon {unknown}
 r - 4 scrolls of remove curse
 s - a scroll of blinking {unknown}
 u - a scroll of fog {unknown}
 E - a scroll of enchant armour {unknown}
 I - a scroll of teleportation {unknown}
Potions
 w - a potion of flight
 A - 3 potions of attraction
 C - a potion of invisibility


   Skills:
 + Level 4.2 Fighting
 + Level 4.2 Short Blades
 + Level 4.2 Long Blades
 + Level 4.2 Axes
 + Level 4.2 Maces & Flails
 + Level 4.2 Polearms
 + Level 4.2 Staves
 + Level 4.2 Slings
 + Level 4.2 Bows
 + Level 4.2 Crossbows
 + Level 4.2 Throwing
 + Level 4.2 Armour
 + Level 6.3 Dodging
 + Level 6.0 Stealth
 + Level 4.2 Shields
 + Level 4.2 Unarmed Combat
 + Level 6.6 Spellcasting
 + Level 3.4 Conjurations
 + Level 3.4 Hexes
 + Level 3.4 Summonings
 + Level 3.4 Necromancy
 + Level 3.4 Translocations
 + Level 3.4 Transmutations
 + Level 3.4 Fire Magic
 + Level 8.0 Ice Magic
 + Level 3.4 Air Magic
 + Level 3.4 Earth Magic
 + Level 3.4 Poison Magic
 + Level 4.6 Invocations
 + Level 4.2 Evocations


You had 6 spell levels left.
You knew the following spells:

 Your Spells              Type           Power        Failure   Level
a - Freeze                Ice            100%         1%          1
b - Frozen Ramparts       Ice            96%          1%          3
c - Ozocubu's Armour      Ice            48%          1%          3
d - Hailstorm             Conj/Ice       37%          7%          4
e - Summon Ice Beast      Ice/Summ       37%          7%          4

Your spell library contained the following spells:

 Spells                   Type           Power        Failure   Level
 Corona                   Hex            27%          1%          1
 Slow                     Hex            25%          2%          2
 Inner Flame              Hex/Fire       25%          4%          3
 Portal Projectile        Hex/Tloc       50%          4%          3
 Cause Fear               Hex            12%          17%         4
 Leda's Liquefaction      Hex/Erth       12%          17%         4


Dungeon Overview and Level Annotations

Branches:
Dungeon (7/15)             Temple (1/1) D:6          Bailey (1/1)

Altars:
Cheibriados
Dithmenos
Kikubaaqudgha


Innate Abilities, Weirdness & Mutations

Your experience applies equally to all skills.
You have very sharp teeth.
Your uncanny sense of smell can sniff out nearby items.


Message History

The stone hits the kobold.
You kill the kobold!
Cheibriados appreciates the change of pace.
Unknown command.
Items here: ( ))) [[[.
You see here a stone.
Items here: ( ))) [[[.
You fail to use your ability.
The orc warrior hits you with a +0 war axe!
Unknown command.
Unknown command.
You feel very buoyant.
You fly up into the air.
The orc warrior hits you with a +0 war axe!!
* * * LOW HITPOINT WARNING * * *
Unknown command.
Unknown command.
A kobold comes into view.
The orc warrior hits you with a +0 war axe.
You die...

....(..(## ##' .........##
#.. ..(⌠.....# #.. #.......#
###.. #((...####
^...###((..(.#≈≈ ..#.
####o####K.#.)...≈≈≈≈≈≈ ≈≈##
#..oKKog####o†≈≈≈≈≈≈≈≈≈
≈≈≈≈∩#..gogog#∩≈@≈≈≈≈≈....##
≈≈≈≈#########≈≈≈≈.......##
#≈≈≈≈≈≈≈≈≈≈≈≈≈≈.......##
#≈≈≈≈≈≈≈≈≈........###
#.............####
#..∩..=...#### ##.......###
##.....#### ##...####


You could see an orc warrior and a kobold (wandering).

Vanquished Creatures
  Grinder (D:6)
  Prince Ribbit (D:6)
  Eustachio (D:5)
  Duvessa (D:6)
  An orc warrior (Bailey)
  A black bear (D:7)
  3 phantoms
  3 ogres
  A centaur (D:6)
  2 bullfrogs
  Dowan (D:6)
  A centaur zombie (D:7)
  A jelly (D:5)
  2 orc priests (D:5)
  A hound (D:6)
  An iguana (D:4)
  3 orc wizards
  3 worker ants
  6 adders
  8 gnolls
  A howler monkey skeleton (D:5)
  A white imp (D:6)
  An ooze (D:1)
  An adder zombie (D:7)
  A worm (D:2)
  2 dart slugs (D:1)
  5 leopard geckos
  14 orcs
  3 giant cockroaches
  11 goblins
  7 hobgoblins
  14 jackals
  3 quokkas (D:5)
  2 ball pythons
  5 bats
  4 frilled lizards
  15 kobolds
  7 rats
139 creatures vanquished.

Vanquished Creatures (collateral kills)
  An orc warrior (Bailey)
  A hobgoblin (Bailey)
2 creatures vanquished.

Grand Total: 141 creatures vanquished

Notes
Turn   | Place    | Note
-------+----------+-------------------------------------------
     0 | D:1      | ythm the Gnoll Ice Elementalist began the quest for the
                  | Orb.
     0 | D:1      | Reached XP level 1. HP: 13/13 MP: 6/6
   156 | D:2      | Reached XP level 2. HP: 20/20 MP: 4/7
   280 | D:3      | Reached XP level 3. HP: 25/25 MP: 6/9
   281 | D:3      | Reached skill level 5 in Spellcasting
   316 | D:2      | Reached skill level 1 in Invocations
   409 | D:1      | Reached skill level 1 in Fighting
   409 | D:1      | Reached skill level 1 in Short Blades
   409 | D:1      | Reached skill level 1 in Long Blades
   409 | D:1      | Reached skill level 1 in Axes
   409 | D:1      | Reached skill level 1 in Maces & Flails
   409 | D:1      | Reached skill level 1 in Polearms
   409 | D:1      | Reached skill level 1 in Staves
   409 | D:1      | Reached skill level 1 in Slings
   409 | D:1      | Reached skill level 1 in Bows
   409 | D:1      | Reached skill level 1 in Crossbows
   409 | D:1      | Reached skill level 1 in Throwing
   409 | D:1      | Reached skill level 1 in Armour
   409 | D:1      | Reached skill level 1 in Shields
   409 | D:1      | Reached skill level 1 in Unarmed Combat
   409 | D:1      | Reached skill level 1 in Evocations
   466 | D:1      | Reached XP level 4. HP: 19/32 MP: 11/11
   506 | D:1      | Learned a level 3 spell: Frozen Ramparts
   510 | D:1      | Learned a level 3 spell: Ozocubu's Armour
   515 | D:1      | Learned a level 4 spell: Hailstorm
   784 | D:3      | Noticed a phantom
   791 | D:3      | Killed a phantom
   792 | D:3      | Reached skill level 1 in Conjurations
   792 | D:3      | Reached skill level 1 in Hexes
   792 | D:3      | Reached skill level 1 in Summonings
   792 | D:3      | Reached skill level 1 in Necromancy
   792 | D:3      | Reached skill level 1 in Translocations
   792 | D:3      | Reached skill level 1 in Transmutations
   792 | D:3      | Reached skill level 1 in Fire Magic
   792 | D:3      | Reached skill level 1 in Air Magic
   792 | D:3      | Reached skill level 1 in Earth Magic
   792 | D:3      | Reached skill level 1 in Poison Magic
   792 | D:3      | Reached XP level 5. HP: 23/37 MP: 12/12
  1087 | D:3      | Reached XP level 6. HP: 32/44 MP: 13/13
  1218 | D:5      | Entered Level 5 of the Dungeon
  1218 | D:5      | Noticed a phantom
  1270 | D:4      | Reached skill level 5 in Dodging
  1507 | D:5      | Reached XP level 7. HP: 37/50 MP: 7/15
  1532 | D:5      | Learned a level 4 spell: Summon Ice Beast
  1775 | D:5      | Reached skill level 5 in Stealth
  1854 | D:5      | Noticed Eustachio
  1863 | D:5      | Killed Eustachio
  1864 | D:5      | Reached XP level 8. HP: 54/57 MP: 11/16
  1904 | D:6      | Found a staircase to the Ecumenical Temple.
  1905 | D:6      | Noticed Grinder
  1917 | D:6      | Killed Grinder
  1937 | Temple   | Entered the Ecumenical Temple
  1950 | Temple   | Became a worshipper of Cheibriados the Contemplative
  2116 | D:6      | Noticed Duvessa
  2177 | D:6      | Noticed Dowan
  2186 | D:6      | Killed Dowan
  2205 | D:6      | Reached * piety under Cheibriados
  2209 | D:6      | Killed Duvessa
  2259 | D:6      | Noticed Prince Ribbit
  2260 | D:6      | Reached XP level 9. HP: 26/65 MP: 5/18
  2267 | D:6      | Killed Prince Ribbit
  2652 | D:7      | Found a flagged portal.
  2659 | D:7      | Reached ** piety under Cheibriados
  2675 | Bailey   | Entered a bailey
  2755 | Bailey   | Reached skill level 8 in Ice Magic
  2849 | Bailey   | HP: 3/65 [orc warrior/+0 war axe (21)]
  2850 | Bailey   | Slain by an orc warrior

Illustrated notes

Levels and vault maps discovered:
D:1:      dpeg_arrival_round_a, layout_basic
D:2:      layout_basic, serial_curves, eino_curves_02, eino_curves_01,
          minmay_tetromino_s2
D:3:      layout_basic, minmay_misc_feat_tower
D:4:      layout_rooms
D:5:      layout_basic, uniq_eustachio
D:6:      layout_cave_pools, temple_fountains, tgw_kikubaaqudgha,
          uniq_prince_ribbit1, uniq_grinder, uniq_duvessa
D:7:      layout_cave_pools, enter_bailey_7, uniq_menkaure
Temple:   regret_index_temple_sigil_plot
Bailey:   bailey_axe_4, bailey

Skill      XL: |  1  2  3  4  5  6  7  8  9 |
---------------+----------------------------+-----
Spellcasting   | 5 6 |  6.6
Invocations    | 1 2 3 4 |  4.6
Fighting       | 1 2 3 4 |  4.2
Short Blades   | 1 2 3 4 |  4.2
Long Blades    | 1 2 3 4 |  4.2
Axes           | 1 2 3 4 |  4.2
Maces & Flails | 1 2 3 4 |  4.2
Polearms       | 1 2 3 4 |  4.2
Staves         | 1 2 3 4 |  4.2
Slings         | 1 2 3 4 |  4.2
Bows           | 1 2 3 4 |  4.2
Crossbows      | 1 2 3 4 |  4.2
Throwing       | 1 2 3 4 |  4.2
Armour         | 1 2 3 4 |  4.2
Shields        | 1 2 3 4 |  4.2
Unarmed Combat | 1 2 3 4 |  4.2
Evocations     | 1 2 3 4 |  4.2
Conjurations   | 1 2 3 |  3.4
Hexes          | 1 2 3 |  3.4
Summonings     | 1 2 3 |  3.4
Necromancy     | 1 2 3 |  3.4
Translocations | 1 2 3 |  3.4
Transmutations | 1 2 3 |  3.4
Fire Magic     | 1 2 3 |  3.4
Air Magic      | 1 2 3 |  3.4
Earth Magic    | 1 2 3 |  3.4
Poison Magic   | 1 2 3 |  3.4
Dodging        | 5 6 |  6.3
Stealth        | 5 6 |  6.0
Ice Magic      | 8 |  8.0

Action                   |  1- 3 |  4- 6 |  7- 9 || total
-------------------------+-------+-------+-------++-------
Melee: Unarmed           |     1 |       |       ||     1
       Hand axe          |    37 |    17 |       ||    54
       Bite              |     1 |     5 |     9 ||    15
       Dagger            |       |    50 |    61 ||   111
       Punch             |       |       |     2 ||     2
       Trident           |       |       |    10 ||    10
 Fire: Hunting sling     |       |    30 |    56 ||    86
 Cast: Freeze            |    24 |    28 |    24 ||    76
       Ozocubu's Armour  |       |     4 |    18 ||    22
       Frozen Ramparts   |       |     2 |    15 ||    17
       Summon Ice Beast  |       |       |     1 ||     1
 Abil: Evoke Flight      |       |       |     2 ||     2
  Use: Scroll            |       |     2 |     6 ||     8
       Potion            |       |       |     1 ||     1
 Stab: Sleeping          |     2 |     2 |       ||     4
Armor: Robe              |    24 |    22 |    20 ||    66
Dodge: Dodged            |    66 |    61 |   108 ||   235
